 Dungeon Sprint DCSS version 0.19-a0-342-g99000e6 (webtiles) character file.

25334 Groucho the Fighter (level 13, -1/120 (121) HPs)
             Began as a Naga Fighter on May 29, 2016.
             Was the Champion of Cheibriados.
             Hit by a javelin thrown by a merfolk javelineer (18 damage)
             ... in the Dungeon (Sprint V: "Ziggurat Sprint").
             The game lasted 00:11:56 (2110 turns).

Groucho the Fighter (Naga Fighter)                  Turns: 2110, Time: 00:11:58

HP:   -1/120 (121)  AC: 24    Str: 50    XL:     13   Next: 18%
MP:   14/29         EV:  1    Int: 28    God:    Cheibriados [******]
Gold: 0             SH: 35    Dex: 26    Spells: 7 memorised, 8 levels left

rFire  + . .     SeeInvis +     y - +14 obsidian axe {chop, +Fly Str+3 SInv *Curse} (curse)
rCold  + . .     Gourm    .     l - +5 gold dragon armour
rNeg   + . .     Faith    .     C - +18 shield of the Gong {rElec rN+ MR+ EV-5}
rPois  +         Spirit   .     V - +1 helmet {Int+3}
rElec  +         Dismiss  .     (no cloak)
rCorr  .         Reflect  .     (no gloves)
SustAt .         Harm     .     (no barding)
MR     ++...     NoTele   +     (no amulet)
Stlth  ..........               G - +6 ring of strength
                                F - +6 ring of strength

@: flying, mesmerised, studying Stealth, very slow, very resistant to hostile
enchantments, extremely unstealthy
A: see invisible, clumsy 1, deformed body, frail 1, poison resistance, slowness
2, slow metabolism 1, spit poison 2, constrict 1, AC +4
a: Spit Poison, Bend Time, Temporal Distortion, Slouch, Step From Time, Renounce
Religion, Stop Flying


You were in the Dungeon.
You worshipped Cheibriados.
Cheibriados was exalted by your worship.
You were not hungry.

You visited 1 branch

Inventory:

Hand Weapons
 y - the cursed +14 obsidian axe (weapon) {chop, +Fly Str+3 SInv *Curse}
   (You found it in the Dungeon)

   It inflicts extra damage upon your enemies.
   It affects your strength (+3).
   It lets you see invisible.
   It lets you fly.
   It may re-curse itself when equipped.
   It has a curse placed upon it.
Armour
 l - a +5 gold dragon armour (worn)
 B - the +15 Maxwell's patent armour {-Cast -Tele rElec MR+ rCorr}
   (You found it in the Dungeon)

   It insulates you from electricity.
   It affects your resistance to hostile enchantments.
   It prevents spellcasting.
   It prevents most forms of teleportation.
   It protects you from acid and corrosion.
 C - the +18 shield of the Gong (worn) {rElec rN+ MR+ EV-5}
   (You found it in the Dungeon)

   It affects your evasion (-5).
   It insulates you from electricity.
   It protects you from negative energy.
   It affects your resistance to hostile enchantments.
 V - a +1 helmet of intelligence (worn)
Jewellery
 a - the ring "Azacw" {rC+ Int+4 Dex+3}
   (You found it in the Dungeon)

   [ring of protection from cold]

   It affects your intelligence (+4).
   It affects your dexterity (+3).
   It protects you from cold.
 E - the ring of Eggeder {rF+ rC+ MR+ Dex+4 Slay-5}
   (You found it in the Dungeon)

   [ring of protection from cold]

   It affects your dexterity (+4).
   It affects your accuracy and damage with ranged weapons and melee attacks
   (-5).
   It protects you from fire.
   It protects you from cold.
   It affects your resistance to hostile enchantments.
 F - a +6 ring of strength (left hand)
 G - a +6 ring of strength (right hand)
 M - an uncursed ring of protection from magic
 N - a +2 ring of dexterity
 P - an uncursed ring of protection from fire
 R - the ring "Awaninn" {rElec rF++ EV+3}
   (You found it in the Dungeon)

   [ring of evasion]

   It affects your evasion (+3).
   It greatly protects you from fire.
   It insulates you from electricity.
Wands
 H - a wand of disintegration (7/24)
 I - a wand of iceblast (5/15)
 J - a wand of lightning (5/15)
 K - a wand of acid (5/15)
 U - a wand of heal wounds (4/9)
Scrolls
 c - 8 scrolls of enchant weapon
 k - 4 scrolls of blinking
 r - 4 scrolls of amnesia
 s - 3 scrolls of recharging
 t - 7 scrolls of fog
 u - a scroll of holy word
 v - 5 scrolls of identify
 w - 5 scrolls of remove curse
 x - 2 scrolls of fear
 T - a scroll of brand weapon
Potions
 e - 10 potions of curing
 g - 12 potions of heal wounds
 h - 6 potions of haste
 i - 7 potions of magic
 j - 3 potions of berserk rage
 m - 2 potions of brilliance
 n - 2 potions of invisibility
 o - 4 potions of resistance
 p - a potion of experience
 q - 6 potions of agility
Books
 b - a book of Beasts

   Spells                             Type                      Level
   a - Summon Butterflies             Summoning                    1
   b - Call Canine Familiar           Summoning                    3
   c - Summon Ice Beast               Ice/Summoning                4
   d - Summon Mana Viper              Hexes/Summoning              5
   e - Summon Hydra                   Summoning                    7
 D - a book of Summonings

   Spells                             Type                      Level
   a - Recall                         Summoning/Translocation      3
   b - Aura of Abjuration             Summoning                    5
   c - Summon Demon                   Summoning                    5
   d - Summon Forest                  Summoning/Translocation      5
   e - Summon Mana Viper              Hexes/Summoning              5
   f - Shadow Creatures               Summoning                    6
 L - the Volume of Orientation
   (You found it in the Dungeon)

   Spells                             Type                      Level
   a - Shroud of Golubria             Charms/Translocation         2
   b - Force Lance                    Conjuration/Translocation    4
   c - Warp Weapon                    Charms/Translocation         5
 O - a manual of Stealth
 S - a manual of Stealth
Comestibles
 f - 5 bread rations
 z - 42 fruits
 A - 3 meat rations


   Skills:
 * Level 14.0 Fighting
 + Level 10.4 Axes
 * Level 12.1 Armour
 * Level 11.9 Shields
 * Level 12.5 Spellcasting
 * Level 3.1 Hexes
 * Level 13.4 Summonings
 + Level 1.8 Translocations
 + Level 2.4 Ice Magic
 + Level 12.1 Invocations


You had 8 spell levels left.
You knew the following spells:

 Your Spells              Type           Power        Failure   Level  Hunger
a - Summon Butterflies    Summ           #######.     1%          1    None
b - Summon Demon          Summ           #######...   1%          5    ##.....
c - Summon Mana Viper     Hex/Summ       ######..     21%         5    ##.....
d - Shadow Creatures      Summ           N/A          14%         6    ####...
e - Summon Forest         Summ/Tloc      ######....   28%         5    ##.....
f - Summon Guardian Gole  Hex/Summ       ######..     2%          3    None
g - Summon Ice Beast      Ice/Summ       ######..     10%         4    None


Dungeon Overview and Level Annotations

Branches:
Dungeon (1/1)

Altars:
Ashenzari
Cheibriados
Dithmenos
Elyvilon
Fedhas
Gozag
Hepliaklqana
Kikubaaqudgha
Makhleb
Nemelex Xobeh
Okawaru
Pakellas
Qazlal
Ru
Sif Muna
Trog
Ukayaw
Vehumet
Xom
Yredelemnul
Zin
The Shining One
Beogh
Jiyva
Lugonu


Innate Abilities, Weirdness & Mutations

You cannot wear boots.
Your serpentine skin is tough (AC +4).
You have supernaturally acute eyesight. (SInv)
Armour fits poorly on your strangely shaped body.
Your system is resistant to poisons. (rPois)
You cover ground very slowly.
You have a slow metabolism.
You can spit poison.
You can use your snake-like lower body to constrict enemies.
You are clumsy. (Dex -2)
You are frail. (-10% HP)


Message History

GONNNNG!
The merfolk javelineer throws a steel javelin.
GONNNNG!
You block the steel javelin.
The merfolk javelineer throws a javelin.
The javelin hits you.
* * * LOW HITPOINT WARNING * * *
The merfolk javelineer hits you but does no damage.
The merfolk hits you with a trident!
* * * LOW HITPOINT WARNING * * *
You block the merfolk's attack.
GONNNNG!
You block the merfolk's attack.
GONNNNG!
The merfolk javelineer throws a steel javelin.
The steel javelin hits you!
* * * LOW HITPOINT WARNING * * *
The merfolk javelineer throws a javelin.
The javelin hits you!!
You die...

▓....8©8..
▓.≈[)≈≈)[:≈≈..▓...:|[[}:
▓.≈.)|≈))[)...▓..}.[).")
▓..≈..≈≈.≈≈..≈▓.........
▓≈≈.≈≈≈≈..≈...▓.........
▓..≈.≈≈†≈.≈...▓.........
▓≈...≈≈≈.≈....▓.........
▓....)mmm)....▓..▓.[..)▓
.≈▓.mm@m.≈▓..▓.▓.▓...▓.
▓ ▓.▓≈†(≈.▓.▓ ▓..▓.....▓
▓..▓..≈≈†≈≈▓..▓.........
▓.≈.†..≈≈≈≈≈..▓▓▓▓▓▓▓▓▓▓
▓≈≈....≈.≈.≈..▓....8©8..
▓▓▓▓▓▓▓▓▓▓▓▓▓▓▓...:)...=
▓...):)|[. ▓.........
▓.........


You could see 3 merfolk javelineers and 3 merfolk.

Vanquished Creatures
  A shadow dragon (D)
  A ghoul (D)
  2 vampire knights (D)
  A very ugly thing (D)
  A merfolk impaler (D)
  A naga warrior (D)
  2 anacondas (D)
  2 soul eaters (D)
  A fire crab (shapeshifter) (D)
  A skeletal warrior (D)
  A hill giant (shapeshifter) (D)
  A lindwurm (shapeshifter) (D)
  A harpy (D)
  A harpy (shapeshifter) (D)
  An orb spider (shapeshifter) (D)
  2 ugly things (D)
  A shining eye (D)
  A cyclops (shapeshifter) (D)
  A hornet (shapeshifter) (D)
  An elephant (shapeshifter) (D)
  A moth of wrath (shapeshifter) (D)
  A salamander (shapeshifter) (D)
  2 water nymphs (D)
  A black mamba (D)
  2 guardian serpents (D)
  2 water nymphs (shapeshifter) (D)
  An eye of devastation (D)
  A spiny frog (D)
  A komodo dragon (D)
  An ancient zyme (D)
  A hellwing (D)
  2 merfolk (D)
  A shadow (D)
  A water elemental (D)
  A ynoxinul (D)
  A flying skull (D)
  A spriggan (shapeshifter) (D)
  A yak (D)
  2 small abominations (D)
  A golden eye (D)
  3 neqoxecs (D)
  A hippogriff (shapeshifter) (D)
  A basilisk (D)
  3 nagas (D)
  A soldier ant (shapeshifter) (D)
  2 water moccasins (D)
  2 orc warriors (D)
  An eye of draining (D)
  3 necrophages (D)
  3 wights (D)
  A crimson imp (D)
  2 jellies (D)
  2 quasits (D)
  2 orc wizards (D)
  2 orc priests (D)
  An iguana (D)
  An iron imp (D)
  8 adders (D)
  A river rat (D)
  3 white imps (D)
  An ufetubus (D)
  An ooze (D)
  An adder skeleton (D)
  2 adder zombies (D)
  2 orcs (D)
  2 spectral bats (D)
  2 bat skeletons (D)
  2 bat zombies (D)
  6 ball pythons (D)
  A ball python skeleton (D)
  A bat simulacrum (D)
  A jackal skeleton (D)
  A quokka zombie (D)
115 creatures vanquished.

Vanquished Creatures (collateral kills)
  A ghoul (D)
  A soul eater (D)
  A harpy (D)
  A shining eye (D)
  A water nymph (D)
  A ynoxinul (D)
  A phantom (D)
  An iron imp (D)
8 creatures vanquished.

Vanquished Creatures (others)
  2 spatial maelstroms (D)
2 creatures vanquished.

Grand Total: 125 creatures vanquished

Notes
Turn   | Place    | Note
--------------------------------------------------------------
     0 | D        | Groucho the Naga Fighter began the quest for the Orb.
     0 | D        | Reached XP level 1. HP: 21/21 MP: 1/1
     0 | D        | Banished a spatial maelstrom
     4 | D        | Banished a spatial maelstrom
     7 | D        | Found a blossoming altar of Fedhas.
     7 | D        | Found a snail-covered altar of Cheibriados.
     7 | D        | Found a viscous altar of Jiyva.
     7 | D        | Found a roughly hewn altar of Beogh.
     7 | D        | Found a corrupted altar of Lugonu.
     8 | D        | Found a white marble altar of Elyvilon.
     8 | D        | Found a shimmering altar of Xom.
    10 | D        | Found a deep blue altar of Sif Muna.
    10 | D        | Found a burning altar of Makhleb.
    10 | D        | Found a bloodstained altar of Trog.
    10 | D        | Found an iron altar of Okawaru.
    10 | D        | Found a sparkling altar of Nemelex Xobeh.
    10 | D        | Found a radiant altar of Vehumet.
    77 | D        | Became a worshipper of Cheibriados the Contemplative
    95 | D        | Entered arena 1.
    95 | D        | Noticed an orc priest
    96 | D        | Killed an orc priest
    96 | D        | Reached skill level 4 in Fighting
    96 | D        | Reached skill level 1 in Spellcasting
    96 | D        | Reached XP level 2. HP: 30/30 MP: 2/4
    96 | D        | Reached XP level 3. HP: 36/36 MP: 2/5
    96 | D        | Reached * piety under Cheibriados
   101 | D        | Got the ring "Azacw" {rC+ Int+4 Dex+3}
   124 | D        | Entered arena 2.
   126 | D        | Reached XP level 4. HP: 45/45 MP: 6/6
   127 | D        | Reached ** piety under Cheibriados
   130 | D        | Reached skill level 5 in Fighting
   139 | D        | Learned a level 1 spell: Summon Butterflies
   143 | D        | Entered arena 3.
   143 | D        | Noticed a water moccasin
   143 | D        | Noticed a naga
   146 | D        | Killed a water moccasin
   146 | D        | Reached *** piety under Cheibriados
   146 | D        | Reached skill level 5 in Invocations
   146 | D        | Reached XP level 5. HP: 54/55 MP: 7/10
   147 | D        | Killed a naga
   147 | D        | Reached skill level 6 in Fighting
   147 | D        | Reached skill level 5 in Armour
   147 | D        | Reached skill level 5 in Shields
   147 | D        | Reached XP level 6. HP: 59/63 MP: 7/12
   149 | D        | Reached **** piety under Cheibriados
   153 | D        | Identified the Handbook of Sinister Rites and Aid (You found it in the Dungeon)
   155 | D        | Identified the Handbook of Sinister Rites and Aid (You found it in the Dungeon)
   174 | D        | Entered arena 4.
   176 | D        | Reached ***** piety under Cheibriados
   189 | D        | Entered arena 5.
   195 | D        | Reached ****** piety under Cheibriados
   202 | D        | Entered arena 6.
   202 | D        | Noticed a basilisk
   202 | D        | Noticed a yak
   202 | D        | Noticed a komodo dragon
   202 | D        | Noticed a spiny frog
   207 | D        | Killed a spiny frog
   207 | D        | Reached skill level 7 in Fighting
   207 | D        | Reached skill level 5 in Axes
   207 | D        | Reached skill level 5 in Spellcasting
   207 | D        | Reached skill level 5 in Summonings
   207 | D        | Reached XP level 7. HP: 60/72 MP: 12/14
   208 | D        | Killed a komodo dragon
   208 | D        | Reached XP level 8. HP: 56/81 MP: 12/16
   208 | D        | Killed a yak
   209 | D        | Reached skill level 8 in Fighting
   217 | D        | Identified the Volume of Orientation (You found it in the Dungeon)
   218 | D        | Got the ring of Eggeder {rF+ rC+ MR+ Dex+4 Slay-5}
   220 | D        | Identified the Volume of Orientation (You found it in the Dungeon)
   220 | D        | Identified the Volume of Orientation (You found it in the Dungeon)
   293 | D        | Entered arena 7.
   646 | D        | Entered arena 8.
   646 | D        | Noticed a shining eye
   646 | D        | Noticed an eye of devastation
   647 | D        | Reached XP level 9. HP: 57/90 MP: 5/18
   648 | D        | Gained mutation: You are frail. (-10% HP) [a shining eye]
   650 | D        | Killed an eye of devastation
   650 | D        | Reached skill level 9 in Fighting
   652 | D        | Killed a shining eye
   660 | D        | Identified the Papyrus of the Venomous Mountains (You found it in the Dungeon)
   667 | D        | Learned a level 5 spell: Summon Demon
   673 | D        | Learned a level 5 spell: Summon Mana Viper
   680 | D        | Learned a level 6 spell: Shadow Creatures
   680 | D        | Entered arena 9.
   693 | D        | Entered arena 10.
   693 | D        | Noticed a harpy
   693 | D        | Noticed a black mamba
   693 | D        | Noticed a salamander
   693 | D        | Noticed a white ugly thing
   693 | D        | Noticed a green ugly thing
   693 | D        | Noticed a fire crab
   693 | D        | Noticed a shining eye
   693 | D        | a black mamba changed into a hippogriff
   696 | D        | Killed a harpy
   697 | D        | Killed a salamander
   697 | D        | Reached skill level 10 in Fighting
   697 | D        | Reached XP level 10. HP: 83/90 MP: 9/22
   698 | D        | Killed a fire crab
   698 | D        | Killed a green ugly thing
   698 | D        | Gained mutation: You are clumsy. (Dex -2) [a shining eye]
   699 | D        | Killed a white ugly thing
   700 | D        | Killed a shining eye
   918 | D        | Entered arena 11.
   918 | D        | Noticed a shadow dragon
   918 | D        | Noticed a soul eater
   918 | D        | Noticed a soul eater
   919 | D        | Noticed a ghoul
   919 | D        | Noticed a soul eater
   921 | D        | Noticed a ghoul
   923 | D        | Killed a soul eater
   923 | D        | Reached skill level 11 in Fighting
   923 | D        | Reached skill level 10 in Invocations
   925 | D        | Killed a shadow dragon
   925 | D        | Reached skill level 10 in Summonings
   925 | D        | Reached XP level 11. HP: 67/98 MP: 14/24
   925 | D        | Killed a soul eater
   926 | D        | Killed a soul eater
   926 | D        | Reached skill level 10 in Spellcasting
   928 | D        | Killed a ghoul
   928 | D        | Reached skill level 10 in Armour
   928 | D        | Reached skill level 10 in Shields
   928 | D        | Killed a ghoul
   928 | D        | Reached skill level 12 in Fighting
   936 | D        | Got the amulet of the Vendetta {+Rage rElec rPois rF+ rC-}
   946 | D        | Identified the Guide on Creation and Air (You found it in the Dungeon)
   952 | D        | Learned a level 5 spell: Summon Forest
   954 | D        | Identified the Incunabulum of Creation and Orientation (You found it in the Dungeon)
   958 | D        | Learned a level 3 spell: Summon Guardian Golem
   958 | D        | Identified the Incunabulum of Creation and Orientation (You found it in the Dungeon)
   963 | D        | Learned a level 4 spell: Summon Ice Beast
  1188 | D        | Entered arena 12.
  1188 | D        | Noticed a vampire knight
  1191 | D        | Noticed a skeletal warrior
  1191 | D        | Noticed a vampire knight
  1194 | D        | Killed a vampire knight
  1201 | D        | Killed a vampire knight
  1203 | D        | Killed a skeletal warrior
  1203 | D        | Reached XP level 12. HP: 95/109 MP: 23/27
  1248 | D        | Entered arena 13.
  1249 | D        | Noticed an anaconda
  1250 | D        | Noticed an anaconda
  1250 | D        | Noticed a naga warrior
  1253 | D        | Killed an anaconda
  1253 | D        | Killed a naga warrior
  1253 | D        | Killed an anaconda
  1253 | D        | Reached skill level 13 in Fighting
  1271 | D        | Identified the Volume of Creative Enchantment (You found it in the Dungeon)
  1491 | D        | Entered arena 14.
  1492 | D        | Noticed a brown very ugly thing
  1497 | D        | Killed a brown very ugly thing
  1497 | D        | Reached skill level 10 in Axes
  1517 | D        | Got the ring "Zyam" {SustAt rN++ Str-2 Dex+8 Stlth-}
  1520 | D        | Got the ring "Awaninn" {rElec rF++ EV+3}
  1529 | D        | Identified the Collected Works on the Traveller (You found it in the Dungeon)
  1721 | D        | Entered arena 15.
  1732 | D        | Reached skill level 1 in Hexes
  1732 | D        | Reached skill level 1 in Ice Magic
  2095 | D        | Entered arena 16.
  2102 | D        | Noticed a merfolk javelineer
  2102 | D        | Noticed a merfolk impaler
  2102 | D        | Noticed a merfolk javelineer
  2102 | D        | Noticed a merfolk javelineer
  2107 | D        | Gained mutation: You can use your snake-like lower body to constrict enemies. [Naga growth]
  2107 | D        | Reached XP level 13. HP: 80/119 MP: 23/29
  2108 | D        | Reached skill level 1 in Translocations
  2109 | D        | Killed a merfolk impaler
  2109 | D        | Reached skill level 14 in Fighting
  2110 | D        | Hit by a javelin thrown by a merfolk javelineer

Vault maps used:
D:        sprint_v

Skill      XL: |  1  2  3  4  5  6  7  8  9 10 11 12 13 |
---------------+----------------------------------------+-----
Fighting       | 4 5 6 7 8 10 11 12 13 14 | 14.0
Armour         | 3 4 5 6 7 8 9 10 11 12 | 12.1
Shields        | 3 4 5 6 7 8 9 10 11 | 11.9
Spellcasting   | 1 3 4 5 6 8 9 11 12 | 12.5
Invocations    | 2 3 5 7 8 9 10 11 12 | 12.1
Axes           | 3 4 5 6 7 8 9 10 | 10.4
Summonings     | 2 3 5 6 8 10 11 13 | 13.4
Hexes          | 1 3 |  3.1
Ice Magic      | 1 2 |  2.4
Translocations | 1 |  1.8

Action                   |  1- 3 |  4- 6 |  7- 9 | 10-12 | 13-15 || total
-------------------------+-------+-------+-------+-------+-------++-------
Melee: Broad axe         |     2 |    17 |    24 |    45 |       ||    88
 Cast: Summon Demon      |       |       |       |     1 |       ||     1
       Shadow Creatures  |       |       |       |     1 |       ||     1
Invok: Slouch            |       |       |     2 |     8 |     2 ||    12
 Abil: Evoke Flight      |       |       |       |     1 |       ||     1
  Eat: Meat ration       |       |       |       |     1 |       ||     1
Armor: Plate armour      |     2 |    11 |    10 |    44 |       ||    67
       Gold dragon armou |       |       |       |    28 |     5 ||    33
Dodge: Dodged            |       |       |       |     5 |       ||     5
Block: Shield            |     4 |    46 |    45 |   141 |    16 ||   252
